AoeStats
← 玩印度的哥们硬不起来

Lombardia

509295706Analyzed
2v2 RM · 6d ago on Sep 26, 2026· 49m 32s· 4 players
Game mode
Random Map
Map size
Medium (4 player)
Population
200
Speed
Normal
Resources
Standard
Victory
Conquest
Starting age
Dark Age
Ending age
Imperial Age
RankedLock teamsTeams togetherTeam positionsShared explorationLock speedFull tech treeHidden civsTurbo modeCheats
Victory
Defeat
1449
+16
🇳🇱 Magyars · Netherlands
1411
+17
🇩🇪 Danes · Germany
1462
-17
🇧🇬 Khmer · Bulgaria
1433
-16
Wizad
10:26 Feudal Age
10:29 Loom
14:38 Castle Age
12:57 Double-Bit Axe
14:39 Horse Collar
16:15 Bow Saw
22:13 Fletching
23:48 Bodkin Arrow
24:11 Heavy Plow
24:03 Gold Mining
25:04 Padded Archer Armor
25:24 Bloodlines
26:30 Wheelbarrow
27:39 Ballistics
28:32 Husbandry
29:26 Hand Cart
29:58 Leather Archer Armor
30:55 Thumb Ring
33:33 Imperial Age
32:27 Town Watch
34:29 Gold Shaft Mining
33:44 Stone Mining
33:56 Town Patrol
34:42 Parthian Tactics
33:49 Heavy Cavalry Archer
34:39 Bracer
36:03 Two-Man Saw
36:53 Conscription
36:34 Corvinian Army
36:42 Scale Barding Armor
39:34 Chain Barding Armor
39:17 Recurve Bow
46:41 Hoardings
47:11 Chemistry
45:52 Treadmill Crane
46:23 Masonry
46:18 Siege Engineers
45:59 Treadmill Crane
46:29 Masonry
玩印度的哥们硬不起来
6:30 Loom
8:56 Feudal Age
9:58 Double-Bit Axe
9:54 Horse Collar
16:19 Bloodlines
17:51 Fletching
20:23 Gold Mining
24:45 Castle Age
26:47 Wheelbarrow
26:23 Bow Saw
26:24 Heavy Plow
27:09 Stone Mining
33:46 Hand Cart
36:50 Scale Barding Armor
37:52 Chain Barding Armor
39:04 Husbandry
41:45 Imperial Age
41:51 Elite Ballista Elephant
42:41 Double Crossbow
43:19 Plate Barding Armor
44:03 Crop Rotation
44:44 Light Cavalry
45:36 Forging
46:01 Conscription
46:44 Siege Engineers
47:40 Chemistry
46:05 Capped Ram
Just a Hater
10:09 Feudal Age
10:36 Loom
10:45 Double-Bit Axe
12:43 Horse Collar
18:25 Castle Age
19:33 Bow Saw
23:47 Scale Barding Armor
23:45 Husbandry
23:38 Gold Mining
23:50 Heavy Plow
25:20 Wheelbarrow
26:19 Stone Mining
31:54 Imperial Age
29:37 Forging
30:05 Bloodlines
31:54 Hand Cart
31:25 Town Watch
32:04 Chain Barding Armor
33:47 Plate Barding Armor
32:42 Cavalier
33:04 Heavy Scorpion
36:04 Conscription
36:25 Iron Casting
36:19 Ballistics
41:26 Blast Furnace
42:35 Elite Battle Elephant
44:21 Murder Holes
44:46 Elite Ballista Elephant
47:58 Fletching
48:27 Elite Skirmisher
Rabbit
10:16 Feudal Age
10:50 Man-at-Arms
11:43 Arson
12:51 Forging
14:15 Scale Mail Armor
14:56 Double-Bit Axe
20:27 Castle Age
18:28 Gold Mining
19:09 Horse Collar
21:54 Iron Casting
24:43 Squires
27:42 Chain Mail Armor
29:34 Bow Saw
29:26 Heavy Plow
30:39 Wheelbarrow
36:13 Imperial Age
34:02 Hand Cart
34:51 Town Watch
36:23 Masonry
36:17 Capped Ram
36:30 Elite Varangian Guard
38:59 Plate Mail Armor
43:34 Siege Ram
46:53 Onager
48:29 Siege Engineers
Connection lost

Rejoining the realm…

Still unreachable

The connection could not be restored.

Session expired

The server has moved on; the page needs a fresh start.